AoeStats
← oMg

Black Forest

506878997Analyzed
2v2 RM · 1mo ago on Sep 15, 2026· 17m 49s· 4 players
Game mode
Random Map
Map size
Medium (4 player)
Population
200
Speed
Normal
Resources
Standard
Victory
Conquest
Starting age
Dark Age
Ending age
Imperial Age
RankedLock teamsTeams togetherTeam positionsShared explorationLock speedFull tech treeHidden civsTurbo modeCheats
Victory
Defeat
🇬🇧 Khmer · United Kingdom
1285
+11
🇩🇪 Khmer · Germany
1219
+14
vs
🇺🇸 Bengalis · United States
1188
-13
🇦🇷 Burgundians · Argentina
1171
-12
FunMeh
Bambi
0:37 Loom
11:12 Feudal Age
15:17 Castle Age
Maverick8564
6:55 Loom
13:04 Feudal Age
14:02 Double-Bit Axe
18:12 Castle Age
17:00 Fletching
16:53 Horse Collar
17:39 Gold Mining
oMg
Connection lost

Rejoining the realm…

Still unreachable

The connection could not be restored.

Session expired

The server has moved on; the page needs a fresh start.